 Dungeon Crawl Stone Soup version 0.25-a0-388-g41a7e554cb (webtiles) character file.

Game seed: 16708596961817030422, levelgen mode: deterministic

181836 mopl the Spry (level 19, -6/134 HPs)
             Began as a Halfling Hunter on Jan 7, 2020.
             Was the Champion of Fedhas.
             Shot with an arrow by a deep elf master archer (26 damage)
             ... on level 3 of the Elven Halls.
             The game lasted 01:48:16 (36984 turns).

mopl the Spry (Halfling Hunter)                    Turns: 36984, Time: 01:48:17

Health: -6/134     AC: 20    Str: 29    XL:     19   Next: 1%
Magic:  28/29      EV: 28    Int:  7    God:    Fedhas [******]
Gold:   2652       SH:  0    Dex: 21    Spells: 16/18 levels left

rFire    + . .     SeeInvis +   a - +3 fustibalus (freeze)
rCold    . . .     Gourm    .   (shield restricted)
rNeg     . . .     Faith    .   O - +0 acid dragon scales
rPois    .         Spirit   .   l - +0 helmet {SInv}
rElec    .         Reflect  .   R - +2 cloak {+Inv}
rCorr    +         Harm     .   f - +2 pair of gloves
MR       ++...                  S - +1 pair of boots
Stlth    ++........             z - amulet of Harmony {*Drain Regen+ Str+7 Dex+4}
HPRegen  0.72/turn              q - ring of Qeusk {rF+ Str+3 Slay+2}
MPRegen  0.21/turn              F - ring of protection from magic

@: contaminated, glowing, drained, invisible (but backlit and visible)
A: small, dopey 1, mutation resistance 1
a: Wall of Briars, Grow Ballistomycete, Overgrow, Grow Oklob, Renounce Religion


You were on level 3 of the Elven Halls.
You worshipped Fedhas.
Fedhas was exalted by your worship.
You were not hungry.

You visited 5 branches of the dungeon, and saw 27 of its levels.
You also visited: Gauntlet and Ice Cave.

You collected 3387 gold pieces.
You spent 735 gold pieces at shops.

Inventory:

Hand Weapons
 a - a +3 fustibalus of freezing (weapon)
 b - a +2 short sword of electrocution
 e - the +7 hunting sling of the Owl {velocity, MR+ MP+9 Int-4}
   (You found it on level 3 of the Elven Halls)

   Any stone fired from it inflicts extra damage.
   It affects your intelligence (-4).
   It affects your resistance to hostile enchantments.
   It affects your magic capacity (+9).
 N - a +5 short sword of freezing
Missiles
 d - 84 sling bullets (quivered)
 y - 6 throwing nets
 B - 16 curare-tipped darts
 C - 83 poisoned darts
 Q - 351 stones
 V - 7 atropa-tipped darts
Armour
 f - a +2 pair of gloves (worn)
 l - a +0 helmet of see invisible (worn)
 O - +0 acid dragon scales (worn)
 R - a +2 cloak of invisibility (worn)
 S - a +1 pair of boots (worn)
 X - a +0 shield
Jewellery
 q - the ring of Qeusk (left hand) {rF+ Str+3 Slay+2}
   (You took it off an efreet on level 11 of the Dungeon)

   [ring of strength]

   It affects your strength (+3).
   It affects your accuracy and damage with ranged weapons and melee attacks
   (+2).
   It protects you from fire.
 v - an uncursed ring of protection from cold
 z - the amulet of Harmony (around neck) {*Drain Regen+ Str+7 Dex+4}
   (You found it in a Gauntlet)

   [amulet of regeneration]

   It affects your strength (+7).
   It affects your dexterity (+4).
   It increases your rate of regeneration.
   It causes draining when unequipped.
 F - a ring of protection from magic (right hand)
Wands
 t - a wand of paralysis (6)
 x - a wand of digging (5)
 G - a wand of enslavement (1)
 H - a wand of acid (16)
 J - a wand of scattershot (2)
 P - a wand of polymorph (25)
 U - a wand of iceblast (6)
 W - a wand of clouds (4)
Scrolls
 g - 15 scrolls of teleportation
 i - 5 scrolls of fog
 m - 2 scrolls of blinking
 o - 13 scrolls of remove curse
 w - 4 scrolls of magic mapping
 K - 10 scrolls of identify
 T - 6 scrolls of immolation
 Y - a scroll of fear
Potions
 h - 6 potions of haste
 j - 12 potions of curing
 k - 9 potions of might
 n - 3 potions of magic
 p - 2 potions of agility
 r - a potion of heal wounds
 s - a potion of cancellation
 u - 6 potions of flight
 A - 4 potions of lignification {!q}
 I - a potion of invisibility
 L - a potion of berserk rage {!q}
 M - a potion of resistance
Miscellaneous
 D - a sack of spiders
 Z - a phantom mirror
Comestibles
 c - 36 rations


   Skills:
 + Level 13.0(12.2) Fighting
 + Level 10.3(9.5) Short Blades
 - Level 14.0(13.1) Slings
 + Level 12.3(11.4) Armour
 + Level 15.0(14.1) Dodging
 + Level 7.2(6.4) Stealth
 + Level 10.2(9.4) Shields
 + Level 5.9(5.2) Translocations
 + Level 14.3(13.4) Invocations
 - Level 10.0(9.2) Evocations


You had 16 spell levels left.
You knew the following spells:

 Your Spells              Type           Power        Failure   Level  Hunger
e - Blink                 Tloc           N/A          10%         2    ###....

Your spell library contained the following spells:

 Spells                   Type           Power        Failure   Level  Hunger
 Corona                   Hex            #......      47%         1    ##.....
 Foxfire                  Conj/Fire      #...         47%         1    ##.....
 Magic Dart               Conj           #...         47%         1    ##.....
 Shock                    Conj/Air       #...         47%         1    ##.....
 Summon Small Mammal      Summ           #...         47%         1    ##.....
 Call Imp                 Summ           #.......     63%         2    ###....
 Corpse Rot               Necr/Air       N/A          63%         2    ###....
 Ensorcelled Hibernation  Hex/Ice        #.....       63%         2    ###....
 Poisonous Vapours        Pois/Air       #.....       63%         2    ###....
 Searing Ray              Conj           #.....       63%         2    ###....
 Slow                     Hex            #.......     63%         2    ###....
 Sublimation of Blood     Necr           #.........   63%         2    ###....
 Swiftness                Chrm/Air       #.......     63%         2    ###....
 Call Canine Familiar     Summ           #.......     85%         3    ####...
 Confuse                  Hex            #.......     85%         3    ####...
 Conjure Flame            Conj/Fire      #.......     85%         3    ####...
 Dazzling Flash           Conj/Hex       #.....       85%         3    ####...
 Ignite Poison            Fire/Tmut/Pois #.......     85%         3    ####...
 Inner Flame              Hex/Fire       #.......     85%         3    ####...
 Mephitic Cloud           Conj/Pois/Air  #.......     85%         3    ####...
 Static Discharge         Conj/Air       #.......     85%         3    ####...
 Summon Guardian Golem    Hex/Summ       #.......     85%         3    ####...
 Tukima's Dance           Hex            #.......     85%         3    ####...
 Iskenderun's Mystic Bla  Conj/Tloc      #.......     88%         4    #####..
 Airstrike                Air            #.........   99%         4    #####..
 Cause Fear               Hex            #.........   99%         4    #####..
 Fulminant Prism          Conj/Hex       #.........   99%         4    #####..
 Petrify                  Tmut/Erth      #.......     99%         4    #####..
 Sticky Flame             Conj/Fire      #.......     99%         4    #####..
 Summon Ice Beast         Ice/Summ       #.......     99%         4    #####..
 Summon Lightning Spire   Summ/Air       #.......     99%         4    #####..
 Agony                    Necr           #.......     100%        5    ######.
 Alistair's Intoxication  Tmut/Pois      #.......     100%        5    ######.
 Bolt of Magma            Conj/Fire/Erth #.........   100%        5    ######.
 Dispel Undead            Necr           #.......     100%        5    ######.
 Excruciating Wounds      Chrm/Necr      #.........   100%        5    ######.
 Fireball                 Conj/Fire      #.........   100%        5    ######.
 Irradiate                Conj/Tmut      #.........   100%        5    ######.
 Lightning Bolt           Conj/Air       #.........   100%        5    ######.
 Silence                  Hex/Air        #.........   100%        5    ######.
 Yara's Violent Unravell  Hex/Tmut       #.........   100%        5    ######.
 Deflect Missiles         Chrm/Air       #.........   100%        6    #######
 Freezing Cloud           Conj/Ice/Air   #.........   100%        6    #######
 Hydra Form               Tmut           #.........   100%        6    #######
 Statue Form              Tmut/Erth      #........    100%        6    #######
 Dragon Form              Tmut           #.........   100%        7    #######
 Ring of Flames           Chrm/Fire      #.........   100%        7    #######
 Discord                  Hex            #.........   100%        8    #######


Dungeon Overview and Level Annotations

Branches:
Dungeon (15/15)            Temple (1/1) D:4            Lair (6/6) D:11
  Swamp (0/4) Lair:3       Spider (0/4) Lair:3        Slime (0/5) Lair:6
    Orc (2/2) D:11            Elf (3/3) Orc:2        Vaults (0/5) D:13
 Depths (0/5) D:15          IceCv (visited)         Gauntlet (visited)

Altars:
Ashenzari
Cheibriados
Dithmenos
Elyvilon
Fedhas
Gozag
Hepliaklqana
Kikubaaqudgha
Makhleb
Nemelex Xobeh
Okawaru
Qazlal
Ru
Sif Muna
Trog
Uskayaw
Vehumet
Wu Jian
Xom
Yredelemnul
Zin
The Shining One
Beogh

Shops:
D:7 }   Orc:1 =   Orc:2 *([(   Elf:1 }   Elf:3 (

Annotations:
D:7 1 runed translucent door, emiel's ghost, novice FoWn
D:12 2 transporters, LostGamesStreakFreak's ghost, journeyman MfGl
D:15 IDA
Elf:2 3 runed translucent doors


Innate Abilities, Weirdness & Mutations

You are small and have problems with some larger weapons.
You are somewhat resistant to further mutation.
You are dopey. (Int -2)


Message History

Evoke which item? (* to show all) (? for menu, Esc to quit)
Aiming: Scattershot
Press: ? - help, Shift-Dir - straight line, f/p - deep elf master archer
Aim: a deep elf master archer, wielding a -3 longbow, wearing a +0 leather armour and quivering 26 arrows (moderately wounded)
Okay, then.
Unknown command.
The deep elf master archer shoots an arrow.
The arrow hits you!
* * * LOW HITPOINT WARNING * * *
The deep elf master archer shoots an arrow.
The arrow hits you!!
* * * LOW HITPOINT WARNING * * *
You see here 2 arrows.
The deep elf master archer shoots an arrow.
The arrow barely misses you.
You see here 26 stones.
The deep elf master archer shoots an arrow.
The arrow hits you!!
You die...
Fedhas appreciates your contribution to the ecosystem.

...# #.#
#.##...............
...# #.#
#..##.######..#####
..## #.#
#...###...≈≈..≈≈...
.#'###.#
#.........≈≈..≈≈...
###.##.#
#.#####...≈≈..≈≈...
# ##'#'####
#.#####..!≈≈..≈≈...
# ##)....#
#.....######.)#####
# ##.....##
#.##########..#####
# #.......#
#.@.).).).##..##..)
# #.......#
#.(((....}##..##:})
## #.......#
#.|..(....##).##[.)
.####<....##
#....).).e##).##})|
..# #.....#
############)≈#####
..# ###'### #)≈#
..# #.# ###)[#####
.## #.# #..(..##.#
## ####.#
##....#.##


You could see a deep elf master archer.

Vanquished Creatures
  Rupert (Lair:6)
  A deep elf master archer (Elf:3)
  2 deep elf blademasters (Elf:3)
  Gastronok (Lair:2)
  Roxanne (D:15)
  2 deep elf sorcerers (Elf:3)
  Louise (Elf:3)
  Aizul (Elf:3)
  4 deep elf elementalists (Elf:3)
  A stone giant (D:11)
  Nessos (Lair:5)
  9 deep elf demonologists
  A deep elf annihilator (Elf:3)
  A minotaur (Gauntlet)
  7 deep elf death magi
  2 deep elf high priests (Elf:3)
  A fire dragon (Lair:6)
  2 ice dragons (D:15)
  A vault guard (D:13)
  7 hydras
  3 catoblepae
  3 ogre magi
  19 two-headed ogres
  12 dancing weapons
  16 death yaks
  A deep troll earth mage (D:11)
  An orc high priest (Elf:3)
  12 deep elf knights
  Nergalle (D:11)
  An unseen horror (D:14)
  2 deep trolls
  A lindwurm (shapeshifter) (D:14)
  11 deep elf archers
  Pikel (D:7)
  A lindwurm (Lair:6)
  An orc knight (Orc:1)
  12 ugly things
  A wolf spider zombie (D:11)
  49 deep elf magi
  3 orc sorcerers
  A manticore (D:12)
  6 cyclopes
  3 ice statues (IceCv)
  3 elephants (Lair:6)
  9 black mambas
  2 molten gargoyles (Lair:6)
  Maggie (Lair:3)
  2 polar bears
  12 spiny frogs
  7 centaur skeletons
  2 kobold demonologists
  3 rime drakes
  An efreet (D:11)
  10 komodo dragons
  5 tengu conjurers
  3 soldier ants
  15 trolls
  Grinder (D:4)
  11 slime creatures
  A snapping turtle (Orc:1)
  3 blink frogs (Lair:2)
  14 hippogriffs
  3 bog bodies (Lair:3)
  3 air elementals
  A spriggan (Lair:3)
  5 shadows
  3 wyverns
  62 yaks
  A wraith (D:13)
  2 fire elementals
  9 basilisks
  A water elemental (Elf:2)
  3 hungry ghosts
  A steam dragon (Lair:6)
  6 vampire mosquitoes
  Menkaure (D:6)
  4 swamp worms
  2 wargs (Orc:2)
  An acid dragon (D:15)
  2 hell hounds (Lair:6)
  11 water moccasins
  6 porcupines
  15 orc warriors
  2 sky beasts
  14 ice beasts
  2 phantoms
  16 centaurs
  25 ogres
  4 wolves (Lair:3)
  10 crocodiles
  3 big kobolds
  16 bullfrogs
  2 earth elementals
  A scorpion (D:9)
  10 killer bees
  3 electric eels
  A howler monkey (D:5)
  7 wights
  10 crimson imps
  9 centaur zombies
  2 bullfrog zombies (D:9)
  5 lava snakes
  5 hounds
  A quasit (D:7)
  13 jellies
  20 orc wizards
  A gnoll shaman (D:5)
  8 orc priests
  Jessica (D:3)
  5 iguanas
  Terence (D:3)
  Natasha (thrice) (D:2)
  6 worker ants
  A killer bee zombie (D:7)
  A hound zombie (D:8)
  A howler monkey zombie (D:7)
  A worker ant zombie (D:5)
  5 gnolls
  7 adders
  5 shadow imps
  12 white imps (Lair:4)
  2 adder zombies (D:6)
  16 oozes (Lair:3)
  5 worms
  2 dart slugs
  6 leopard geckos
  54 orcs
  A ball python (D:1)
  6 bats
  5 giant cockroaches
  4 hobgoblins
  12 jackals
  4 quokkas
  4 frilled lizards
  7 goblins
  26 kobolds
  4 rats
852 creatures vanquished.

Vanquished Creatures (collateral kills)
  A death knight (D:10)
  2 hell hounds (Lair:6)
3 creatures vanquished.

Vanquished Creatures (others)
  2 black mambas (Lair:6)
  A spiny frog (Lair:3)
  A komodo dragon (Lair:6)
  A yak (D:11)
  A hungry ghost (D:8)
  A floating eye (shapeshifter) (Elf:2)
  A slave (D:8)
  An ogre (Orc:2)
  A worker ant (D:8)
  11 fungi
  23 plants
  21 withered plants (Gauntlet)
65 creatures vanquished.

Grand Total: 920 creatures vanquished

Notes
Turn   | Place    | Note
-------+----------+-------------------------------------------
     0 | D:1      | mopl the Halfling Hunter began the quest for the Orb.
     0 | D:1      | Reached XP level 1. HP: 14/14 MP: 1/1
    50 | D:1      | Reached skill level 2 in Fighting
    50 | D:1      | Reached skill level 6 in Slings
    50 | D:1      | Reached XP level 2. HP: 14/19 MP: 2/2
   812 | D:1      | Reached XP level 3. HP: 24/24 MP: 3/3
  1067 | D:2      | Found a white marble altar of Elyvilon.
  1123 | D:2      | Noticed Natasha
  1132 | D:2      | Killed Natasha
  1132 | D:2      | Reached skill level 3 in Dodging
  1132 | D:2      | Reached XP level 4. HP: 25/30 MP: 4/4
  1138 | D:2      | Found an ancient bone altar of Kikubaaqudgha.
  1337 | D:2      | Noticed Natasha
  1343 | D:2      | Killed Natasha
  1395 | D:2      | Reached XP level 5. HP: 36/36 MP: 5/5
  1545 | D:2      | Noticed Natasha
  1549 | D:2      | Killed Natasha
  1549 | D:2      | Reached skill level 3 in Fighting
  1549 | D:2      | Reached skill level 7 in Slings
  1672 | D:3      | Noticed Terence
  1682 | D:3      | Killed Terence
  1750 | D:3      | Noticed Jessica
  1780 | D:3      | Reached skill level 4 in Dodging
  1780 | D:3      | Reached XP level 6. HP: 34/42 MP: 6/6
  1787 | D:3      | Killed Jessica
  1807 | D:3      | Found a snail-covered altar of Cheibriados.
  1875 | D:3      | Found a hazy altar of Hepliaklqana.
  2031 | D:3      | Found a hide-covered altar of Uskayaw.
  2652 | D:4      | Reached skill level 8 in Slings
  2697 | D:4      | Noticed Grinder
  2728 | D:4      | Reached XP level 7. HP: 39/47 MP: 7/7
  2741 | D:4      | Paralysed by Grinder for 2 turns
  2745 | D:4      | Killed Grinder
  2745 | D:4      | Reached skill level 4 in Fighting
  2745 | D:4      | Reached skill level 5 in Dodging
  2811 | D:4      | Found a staircase to the Ecumenical Temple.
  2816 | Temple   | Entered the Ecumenical Temple
  3117 | D:4      | Found a burning altar of Makhleb.
  3272 | D:5      | Entered Level 5 of the Dungeon
  3579 | D:5      | Reached skill level 9 in Slings
  3579 | D:5      | Reached XP level 8. HP: 31/54 MP: 8/8
  3942 | D:5      | Reached skill level 6 in Dodging
  3945 | D:5      | Reached skill level 5 in Fighting
  4858 | D:5      | Got a jewelled scale mail
  4869 | D:5      | Identified the +1 scale mail of Tudgh {rF+} (You found it
                  | on level 5 of the Dungeon)
  4875 | D:5      | Reached skill level 7 in Fighting
  4875 | D:5      | Reached skill level 12 in Slings
  4875 | D:5      | Reached skill level 9 in Dodging
  4875 | D:5      | Reached skill level 6 in Invocations
  4875 | D:5      | Reached XP level 9. HP: 66/66 MP: 8/13
  5194 | D:5      | Found a basalt altar of Yredelemnul.
  5463 | D:6      | Got a shimmering trident
  5490 | D:6      | Identified the +7 trident of the Puffball {flame, rF+ rC-
                  | Dex+2} (You found it on level 6 of the Dungeon)
  5540 | D:6      | Reached skill level 8 in Fighting
  5540 | D:6      | Reached XP level 10. HP: 40/72 MP: 14/14
  5747 | D:6      | Found a blossoming altar of Fedhas.
  5759 | D:6      | Noticed Menkaure
  5775 | D:6      | Killed Menkaure
  5775 | D:6      | Reached skill level 13 in Slings
  6016 | D:6      | Became a worshipper of Fedhas Madash
  6408 | D:7      | Noticed emiel's ghost (novice FoWn)
  6570 | D:7      | Found a runed translucent door.
  6604 | D:7      | Found a radiant altar of Vehumet.
  6611 | D:7      | Found a sparkling altar of Nemelex Xobeh.
  6766 | D:7      | Found Suewk's Gadget Shoppe.
  7052 | D:7      | Reached skill level 3 in Armour
  7052 | D:7      | Reached skill level 10 in Dodging
  7052 | D:7      | Reached skill level 8 in Invocations
  7052 | D:7      | Reached XP level 11. HP: 73/78 MP: 15/17
  7647 | D:7      | Reached skill level 9 in Invocations
  7665 | D:7      | Reached * piety under Fedhas
  7853 | D:8      | Reached skill level 14 in Slings
  7956 | D:8      | Reached skill level 9 in Fighting
  7986 | D:8      | Noticed Pikel
  8204 | D:7      | Killed Pikel
  8204 | D:7      | Reached skill level 1 in Evocations
  8719 | D:8      | Reached skill level 4 in Armour
  9050 | D:8      | Found a shadowy altar of Dithmenos.
  9179 | D:9      | Noticed a two-headed ogre
  9421 | D:9      | Reached ** piety under Fedhas
  9900 | D:9      | Killed a two-headed ogre
  9900 | D:9      | Reached skill level 2 in Evocations
 10060 | D:10     | Entered Level 10 of the Dungeon
 10495 | D:10     | Noticed a death knight
 10784 | D:9      | Reached XP level 12. HP: 78/85 MP: 19/19
 10935 | D:10     | Reached skill level 11 in Dodging
 10956 | D:10     | Reached skill level 5 in Armour
 11158 | D:10     | Killed a death knight
 11158 | D:10     | Reached skill level 3 in Evocations
 11803 | D:11     | Reached skill level 10 in Invocations
 11918 | D:11     | Found a staircase to the Orcish Mines.
 12180 | D:11     | Found a gate leading to a gauntlet.
 12185 | Gauntlet | Entered a Gauntlet
 12185 | Gauntlet | Found a transporter.
 12191 | Gauntlet | Found a large runed translucent door.
 12192 | Gauntlet | Found a large runed translucent door.
 12193 | Gauntlet | Found a large runed translucent door.
 12193 | Gauntlet | Found a large runed translucent door.
 12193 | Gauntlet | Found a runed translucent door.
 12193 | Gauntlet | Found a runed translucent door.
 12194 | Gauntlet | Found a large runed translucent door.
 12195 | Gauntlet | Found a large runed translucent door.
 12196 | Gauntlet | Found a large runed translucent door.
 12196 | Gauntlet | Found a large runed translucent door.
 12196 | Gauntlet | Found a large runed translucent door.
 12196 | Gauntlet | Found a large runed translucent door.
 12196 | Gauntlet | Found a large runed translucent door.
 12196 | Gauntlet | Found a large runed translucent door.
 12197 | Gauntlet | Found a large runed translucent door.
 12197 | Gauntlet | Found a large runed translucent door.
 12198 | Gauntlet | Found a large runed translucent door.
 12198 | Gauntlet | Found a transporter.
 12198 | Gauntlet | Found a large runed translucent door.
 12200 | Gauntlet | Found a transporter.
 12202 | Gauntlet | Found a transporter.
 12225 | Gauntlet | Found a transporter.
 12238 | Gauntlet | Found a transporter.
 12246 | Gauntlet | Found a transporter.
 12259 | Gauntlet | Noticed a thrashing horror
 12263 | Gauntlet | Found a transporter.
 12269 | Gauntlet | Noticed a thrashing horror
 12281 | Gauntlet | Found a transporter.
 12281 | Gauntlet | Noticed a ghost crab
 12293 | Gauntlet | Found a transporter.
 12293 | Gauntlet | Noticed a dire elephant
 12305 | Gauntlet | Found a transporter.
 12317 | Gauntlet | Found a transporter.
 12329 | Gauntlet | Found a transporter.
 12346 | Gauntlet | Found a transporter.
 12363 | Gauntlet | Found a transporter.
 12365 | Gauntlet | Found a transporter.
 12367 | Gauntlet | Found a runed translucent gate.
 12367 | Gauntlet | Found a runed translucent gate.
 12367 | Gauntlet | Found a runed translucent gate.
 12410 | Gauntlet | Found a transporter.
 12417 | Gauntlet | Found a transporter.
 12459 | Gauntlet | Got an encrusted hat
 12470 | Gauntlet | Identified the cursed -5 hat of Lucidity {rC+ Dex+4} (You
                  | found it in a Gauntlet)
 12684 | Gauntlet | Got a serpentine golden amulet
 12705 | Gauntlet | Identified the amulet of Harmony {*Drain Regen+ Str+7
                  | Dex+4} (You found it in a Gauntlet)
 12932 | Gauntlet | Noticed a minotaur
 12943 | Gauntlet | Killed a minotaur
 12943 | Gauntlet | Reached skill level 6 in Armour
 12943 | Gauntlet | Reached skill level 4 in Evocations
 13212 | D:11     | Reached *** piety under Fedhas
 13790 | D:11     | Noticed a stone giant
 13790 | D:11     | Noticed a deep troll earth mage
 13954 | D:11     | Killed a stone giant
 13954 | D:11     | Reached skill level 10 in Fighting
 14016 | D:11     | Reached XP level 13. HP: 89/92 MP: 20/20
 14033 | D:11     | Identified the ring of Qeusk {rF+ Str+3 Slay+2}
 14107 | D:11     | Got a fine war axe
 14108 | D:11     | Identified the cursed +1 war axe of Koytuij {freeze, rElec
                  | MR+ Int-2 Dex+2} (You found it on level 11 of the Dungeon)
 14121 | D:11     | Reached skill level 5 in Evocations
 14409 | D:11     | Found a staircase to the Lair.
 14454 | Lair:1   | Entered Level 1 of the Lair of Beasts
 14460 | Lair:1   | You fall into a shaft and drop 1 floor!
 14471 | Lair:2   | Noticed Gastronok
 14504 | Lair:2   | Killed Gastronok
 14504 | Lair:2   | Reached skill level 7 in Armour
 14611 | Lair:1   | Reached skill level 12 in Dodging
 14936 | Lair:1   | Reached **** piety under Fedhas
 14956 | Lair:1   | Reached skill level 1 in Shields
 15163 | Lair:1   | Reached skill level 11 in Invocations
 15903 | Lair:2   | Reached skill level 2 in Shields
 16277 | Lair:3   | Noticed Sonja
 16278 | Lair:3   | Noticed Sonja
 16278 | Lair:3   | Sonja changed into Sonja the spriggan
 16293 | Lair:3   | Killed Sonja the spriggan
 16315 | Lair:3   | Noticed Maggie
 16336 | Lair:3   | Killed Maggie
 16432 | Lair:3   | Reached skill level 6 in Evocations
 16682 | Lair:3   | Noticed a six-headed hydra
 16701 | Lair:3   | Killed a six-headed hydra
 16902 | Lair:3   | Reached skill level 8 in Armour
 16902 | Lair:3   | Reached skill level 3 in Shields
 16903 | Lair:3   | Found a hole to the Spider Nest.
 17103 | Lair:3   | Found a staircase to the Swamp.
 17128 | Lair:3   | Reached XP level 14. HP: 45/99 MP: 22/22
 17327 | Lair:3   | Reached ***** piety under Fedhas
 17802 | Lair:4   | Found a frozen archway.
 17870 | IceCv    | Entered an ice cave
 18474 | IceCv    | Reached skill level 1 in Short Blades
 18474 | IceCv    | Reached skill level 4 in Shields
 18538 | IceCv    | Got a bound jade amulet
 18555 | IceCv    | Identified the amulet "Ygosal" {+Rage MR- Str+2 Int+6} (You
                  | found it in an ice cave)
 19007 | Lair:4   | Identified the Grimoire of Dusty Boosts
 19031 | Lair:4   | Reached skill level 2 in Short Blades
 19400 | Lair:5   | Noticed Nessos
 19406 | Lair:5   | Killed Nessos
 19481 | Lair:5   | Reached skill level 7 in Evocations
 19510 | Lair:5   | Reached skill level 11 in Fighting
 19737 | Lair:4   | Reached skill level 3 in Short Blades
 19840 | Lair:5   | Reached skill level 9 in Armour
 19863 | Lair:5   | Reached skill level 5 in Shields
 20206 | Lair:5   | Reached skill level 13 in Dodging
 20247 | Lair:5   | Reached ****** piety under Fedhas
 20247 | Lair:5   | Reached skill level 12 in Invocations
 20355 | Lair:5   | Reached skill level 4 in Short Blades
 20355 | Lair:5   | Reached XP level 15. HP: 39/107 MP: 24/24
 20965 | Lair:6   | Entered Level 6 of the Lair of Beasts
 21428 | Lair:6   | Found a large runed translucent door.
 21429 | Lair:6   | Found a large runed translucent door.
 21632 | Lair:6   | Reached skill level 6 in Shields
 21915 | Lair:6   | Reached skill level 5 in Short Blades
 21915 | Lair:6   | Reached skill level 8 in Evocations
 22334 | Lair:6   | Found a staircase to the Slime Pits.
 22398 | Lair:6   | Noticed Rupert
 22445 | Lair:6   | Killed Rupert
 23353 | Orc:1    | Entered Level 1 of the Orcish Mines
 23353 | Orc:1    | Found Codimosau's Jewellery Shop.
 23354 | Orc:1    | Noticed Nergalle
 23383 | D:11     | Killed Nergalle
 23554 | Orc:2    | Entered Level 2 of the Orcish Mines
 23637 | Orc:2    | Reached skill level 10 in Armour
 23843 | Orc:1    | Reached skill level 6 in Short Blades
 24245 | Orc:1    | Reached skill level 7 in Shields
 24366 | Orc:1    | Reached XP level 16. HP: 105/114 MP: 25/25
 25160 | Orc:2    | Found a staircase to the Elven Halls.
 25168 | Orc:2    | Found Jaih's Weapon Shoppe.
 25416 | Orc:2    | Found Meank's General Store.
 25422 | Orc:2    | Found Udeomuar's Antique Armour Shop.
 25431 | Orc:2    | Found Zetyd's Weapon Emporium.
 25711 | Orc:1    | Noticed Harold
 25801 | Orc:1    | Noticed Harold
 25801 | Orc:1    | Harold changed into Harold the snapping turtle
 25829 | Orc:1    | Killed Harold the snapping turtle
 25842 | Orc:1    | Found a roughly hewn altar of Beogh.
 25948 | Orc:2    | Bought a scroll of teleportation for 39 gold pieces
 25948 | Orc:2    | Bought a scroll of fog for 26 gold pieces
 25948 | Orc:2    | Bought 13 stones for 16 gold pieces
 25948 | Orc:2    | Bought a scroll of enchant weapon for 97 gold pieces
 25948 | Orc:2    | Bought 15 stones for 19 gold pieces
 25948 | Orc:2    | Bought 16 stones for 20 gold pieces
 25948 | Orc:2    | Bought a potion of haste for 130 gold pieces
 25959 | Orc:2    | Bought 17 stones for 20 gold pieces
 25969 | Orc:2    | Bought 18 stones for 25 gold pieces
 25969 | Orc:2    | Bought a +0 fustibalus for 210 gold pieces
 25969 | Orc:2    | Bought 19 sling bullets for 133 gold pieces
 26297 | D:12     | Found a transporter.
 26297 | D:12     | Found a transporter.
 26303 | D:12     | Identified the +7 glaive "Killer Klown's Death" {chop,
                  | -Tele rElec rN+ MR++}
 26304 | D:12     | Noticed LostGamesStreakFreak's ghost (journeyman MfGl)
 26307 | D:12     | Found a bloodstained altar of Trog.
 26361 | D:12     | Identified the +7 battleaxe "Seechyixt" {antimagic, rF++
                  | rC- MR+++ MP+9}
 26488 | D:12     | Reached skill level 9 in Evocations
 26601 | D:12     | Reached skill level 7 in Short Blades
 27279 | D:13     | Reached skill level 13 in Invocations
 27411 | D:13     | Reached skill level 12 in Fighting
 27653 | D:13     | Found a gate to the Vaults.
 27851 | D:13     | Reached skill level 8 in Shields
 28034 | D:13     | Reached skill level 14 in Dodging
 28825 | D:14     | Reached skill level 2 in Stealth
 29047 | D:14     | Learned a level 2 spell: Blink
 29504 | D:15     | Entered Level 15 of the Dungeon
 29514 | D:15     | Reached XP level 17. HP: 119/119 MP: 26/26
 29525 | D:15     | Reached skill level 11 in Armour
 29537 | D:15     | Reached skill level 8 in Short Blades
 29613 | D:15     | Identified Roxanne's Reference Book on Moulding
 29613 | D:15     | Noticed Roxanne
 29642 | D:15     | Reached skill level 1 in Translocations
 29708 | D:15     | Killed Roxanne
 29708 | D:15     | Reached skill level 3 in Stealth
 30419 | D:15     | Found a staircase to the Depths.
 30714 | Elf:1    | Entered Level 1 of the Elven Halls
 30721 | Elf:1    | Reached skill level 2 in Translocations
 31126 | Elf:1    | Reached skill level 4 in Stealth
 31256 | Elf:1    | Found Lycvauluoch's Gadget Shoppe.
 31438 | Elf:1    | Found an ancient bone altar of Kikubaaqudgha.
 31809 | Elf:1    | Reached skill level 3 in Translocations
 32027 | Elf:1    | Reached skill level 9 in Shields
 32130 | Elf:1    | Reached skill level 10 in Evocations
 32345 | Elf:2    | Reached skill level 9 in Short Blades
 32411 | Elf:2    | Reached skill level 5 in Stealth
 32839 | Elf:2    | Found a runed translucent gate.
 32839 | Elf:2    | Found a runed translucent gate.
 32839 | Elf:2    | Found a runed translucent gate.
 32930 | Elf:2    | Reached XP level 18. HP: 127/127 MP: 28/28
 32944 | Elf:2    | Reached skill level 4 in Translocations
 33146 | Elf:3    | Entered Level 3 of the Elven Halls
 33274 | Elf:3    | Found Xoxec's Antique Weapon Shop.
 33350 | Elf:3    | Noticed Louise
 33524 | Elf:3    | Killed Louise
 33896 | Elf:3    | Reached skill level 6 in Stealth
 34042 | Elf:3    | Noticed Aizul
 34076 | Elf:3    | Killed Aizul
 34076 | Elf:3    | Reached skill level 14 in Invocations
 34585 | Elf:3    | Reached skill level 5 in Translocations
 34609 | Elf:3    | Reached skill level 12 in Armour
 34740 | Elf:3    | Noticed a deep elf blademaster
 34809 | Elf:3    | Killed a deep elf blademaster
 34809 | Elf:3    | Reached skill level 10 in Short Blades
 34930 | Elf:3    | Identified the +6 chain mail of Responsibility {rElec
                  | Str+3}
 34930 | Elf:3    | Identified the ring "Kats" {+Inv rF- MR+ Stlth+}
 35150 | Elf:2    | Reached skill level 10 in Shields
 35224 | Elf:3    | Noticed an Executioner
 35267 | Elf:3    | Noticed an Executioner
 35302 | Elf:3    | Noticed an Executioner
 35497 | Elf:3    | Noticed a Hell Sentinel
 35914 | Elf:3    | Identified the cursed +1 dagger of Lidghanu {venom, *Slow
                  | rElec Dex+8}
 35925 | Elf:3    | Reached skill level 15 in Dodging
 36031 | Elf:3    | Reached skill level 13 in Fighting
 36122 | Elf:3    | Noticed a Brimstone Fiend
 36276 | Elf:3    | Noticed an Executioner
 36294 | Elf:3    | Noticed a Brimstone Fiend
 36468 | Elf:3    | Reached skill level 7 in Stealth
 36516 | Elf:3    | Noticed a deep elf blademaster
 36522 | Elf:3    | Noticed a deep elf master archer
 36548 | Elf:3    | Killed a deep elf master archer
 36692 | Elf:3    | Identified the +6 whip of the Pariah {slash, rPois MP+9
                  | SInv}
 36714 | Elf:3    | Killed a deep elf blademaster
 36720 | Elf:3    | Reached XP level 19. HP: 48/134 MP: 29/29
 36890 | Elf:3    | Got a pitted scale mail
 36901 | Elf:3    | Identified the cursed +0 scale mail "Ypnaischiuc" {*Contam
                  | rC+ rN+ Dex+6} (You found it on level 3 of the Elven Halls)
 36903 | Elf:3    | Got a translucent hunting sling
 36904 | Elf:3    | Identified the +7 hunting sling of the Owl {velocity, MR+
                  | MP+9 Int-4} (You found it on level 3 of the Elven Halls)
 36916 | Elf:3    | Gained mutation: You are dopey. (Int -2) [mutagenic glow]
 36984 | Elf:3    | Shot with an arrow by a deep elf master archer

Levels and vault maps discovered:
D:1:      lightli_iron_boxes, layout_rooms, roderic_nine_men_s_morris
D:2:      layout_loops_ring, old_standard_altar, elyvilon_altar_1, first_ration,
          uniq_natasha
D:3:      layout_loops_ring, nicolae_overflow_crystal_walls, lemuel_round_altar,
          nicolae_overflow_hidden_temple, uniq_terence, uniq_jessica
D:4:      layout_basic, lightli_temple_of_fire, minmay_temple_entry_butterflies,
          uniq_grinder
D:5:      layout_cave_pools, marbit_many_paths, nicolae_underground_beach
D:6:      layout_cave_pools, fedhas_ov_isle_minmay, uniq_menkaure
D:7:      layout_basic, chequers_temple_overflow_statue_of_worship,
          serial_shops, shop, hellmonk_ghost_happy_afterlife
D:8:      layout_cave_pools, overflow_temple_1_default, worms_lemuel, uniq_pikel
D:9:      layout_loops_ring
D:10:     layout_long_grid
D:11:     minmay_mutant_horseshoe, layout_long_grid, david_lair_shrubbed,
          orc_0_dummy, gauntlet_entry_generic
D:12:     layout_basic, gammafunk_ghost_wrathful_warriors
D:13:     layout_irregular_city, david_vaults_5
D:14:     layout_loops_ring, wad_floor_pattern_2
D:15:     grunt_enter_depths_hoard, layout_basic, nicolae_twisting_strands,
          uniq_roxanne
Temple:   jpeg_temple_clearing
Lair:1:   layout_regular_city, serial_bayou_shore_a
Lair:2:   layout_loops_ring, uniq_gastronok
Lair:3:   lemuel_slime, layout_regular_city,
          nicolae_swamp_entry_splash_gauntlet, dummy_spider_entry, uniq_maggie,
          uniq_sonja
Lair:4:   layout_gridlike, portal_ice_cave_entry_imps, minmay_lair_oklob_chamber
Lair:5:   beast_lair_carwin_large_4, layout_concentric_octagons, uniq_nessos
Lair:6:   cheibrodos_lair_end_hotspot, layout_gridlike,
          minmay_slime_entry_pillars, uniq_rupert
Orc:1:    layout_diamond_mine, basic_altar, minmay_shop_enchanted_jewellery,
          uniq_harold, uniq_nergalle
Orc:2:    st_orc_open, layout_caves
Elf:1:    elf_arrival_001, layout_gridlike, serial_shops, shop, basic_altar,
          minmay_elf_crystal_hexagon, hangedman_elven_crosses_minicolossus
Elf:2:    layout_geoelf_diagonals
Elf:3:    elf_hall_gauntlet_wide, layout_geoelf_octagon, serial_shops,
          nicolae_shop_statue_plus, moated_statue, uniq_louise, uniq_aizul

Skill      XL: |  1  2  3  4  5  6  7  8  9 10 11 12 13 14 15 16 17 18 |
---------------+-------------------------------------------------------+-----
Fighting       | 2 3 4 7 8 9 10 11 12 13 | 13.0
Slings         | 6 7 8 9 12 13 14 | 14.0
Dodging        | 3 4 5 9 10 11 12 13 14 15 | 15.0
Invocations    | 6 8 9 10 11 12 13 14 | 14.3
Armour         | 3 4 6 8 9 10 11 12 | 12.3
Evocations     | 2 4 6 7 8 9 10 | 10.0
Shields        | 3 5 7 8 9 10 | 10.2
Short Blades   | 4 6 7 9 10 | 10.3
Stealth        | 2 5 7 |  7.2
Translocations | 3 5 |  5.9

Action                   |  1- 3 |  4- 6 |  7- 9 | 10-12 | 13-15 | 16-18 | 19-21 || total
-------------------------+-------+-------+-------+-------+-------+-------+-------++-------
Melee: Short sword       |    33 |     6 |       |     5 |   140 |   685 |       ||   869
       Whip              |       |    10 |    26 |    53 |     6 |       |       ||    95
       Fustibalus        |       |       |       |       |       |     1 |       ||     1
 Fire: Hunting sling     |    73 |   152 |   253 |  1060 |  2282 |    53 |       ||  3873
       Fustibalus        |       |       |       |       |       |  1599 |     2 ||  1601
Throw: Throwing net      |       |       |     2 |       |       |     2 |       ||     4
       Dart              |       |       |       |     7 |    11 |     1 |       ||    19
Invok: Overgrow          |       |       |       |       |     1 |       |       ||     1
 Abil: Evoke Invisibilit |       |       |       |       |       |       |     1 ||     1
Evoke: Wand              |       |     1 |     1 |    35 |    21 |     5 |       ||    63
  Use: Scroll            |       |     4 |     4 |    18 |     6 |    10 |     1 ||    43
       Potion            |       |       |     1 |     3 |       |     2 |       ||     6
 Stab: Paralysed         |       |     5 |       |     8 |       |       |       ||    13
       Held in net/web   |       |       |       |       |       |     4 |       ||     4
       Sleeping          |       |       |       |       |       |     2 |       ||     2
  Eat: Chunk             |     1 |     4 |     9 |    14 |    24 |    37 |       ||    89
       Ration            |       |       |       |     3 |     2 |     1 |       ||     6
Armor: Leather armour    |    18 |       |       |       |       |       |       ||    18
       Ring mail         |    11 |    25 |    21 |       |       |       |       ||    57
       Scale mail        |       |       |    10 |    72 |       |       |       ||    82
       Fire dragon scale |       |       |       |    18 |    40 |       |       ||    58
       Acid dragon scale |       |       |       |       |   121 |   255 |       ||   376
Dodge: Dodged            |    61 |    52 |    98 |   378 |   941 |  1356 |     3 ||  2889

Table legend:
 A = Non-vault XP
 B = Vault XP
 C = Vault XP percentage of total XP
 D = Non-vault monster count
 E = Vault monster count
 F = Vault count percentage of total count
                 A         B        C        D         E       F
            +---------+---------+-------+---------+---------+-------
      Total |  139844 |  120718 |  46.3 |     630 |     227 |  26.5
            +---------+---------+-------+---------+---------+-------
        D:1 |      29 |       0 |   0.0 |      17 |       0 |   0.0
        D:2 |     114 |      35 |  23.5 |      19 |       1 |   5.0
        D:3 |     159 |      73 |  31.5 |      20 |       2 |   9.1
        D:4 |     586 |     281 |  32.4 |      15 |       1 |   6.2
        D:5 |     467 |       0 |   0.0 |      16 |       0 |   0.0
        D:6 |     709 |     175 |  19.8 |      13 |       1 |   7.1
        D:7 |     904 |     673 |  42.7 |      31 |       1 |   3.1
        D:8 |     747 |     345 |  31.6 |      24 |       2 |   7.7
        D:9 |    2183 |       0 |   0.0 |      17 |       0 |   0.0
       D:10 |    5389 |       0 |   0.0 |      27 |       0 |   0.0
       D:11 |    5462 |    9864 |  64.4 |      40 |      19 |  32.2
       D:12 |    7824 |       0 |   0.0 |      49 |       0 |   0.0
       D:13 |    8620 |    4606 |  34.8 |      40 |       9 |  18.4
       D:14 |   12654 |       0 |   0.0 |      43 |       0 |   0.0
       D:15 |    9984 |    3916 |  28.2 |      23 |       3 |  11.5
     Lair:1 |    3717 |       0 |   0.0 |      18 |       0 |   0.0
     Lair:2 |    2680 |    2276 |  45.9 |      12 |       1 |   7.7
     Lair:3 |    5524 |    1857 |  25.2 |      23 |      28 |  54.9
     Lair:4 |    6168 |    2657 |  30.1 |      22 |      18 |  45.0
     Lair:5 |   10294 |    7617 |  42.5 |      24 |      15 |  38.5
     Lair:6 |   10303 |   10273 |  49.9 |      26 |      30 |  53.6
      Orc:1 |    2020 |    4148 |  67.3 |      24 |      14 |  36.8
      Orc:2 |    3405 |    5906 |  63.4 |      20 |      10 |  33.3
      Elf:1 |    4272 |   18981 |  81.6 |       7 |      29 |  80.6
      Elf:2 |   20592 |    6606 |  24.3 |      33 |       6 |  15.4
      Elf:3 |   15038 |   35494 |  70.2 |      27 |      23 |  46.0
      IceCv |       0 |    3293 | 100.0 |       0 |      11 | 100.0
   Gauntlet |       0 |    1642 | 100.0 |       0 |       3 | 100.0
            +---------+---------+-------+---------+---------+-------
